 Dungeon Crawl Stone Soup version 0.31-a0-574-g69dc8cc98e (webtiles) character file.

Game seed: 9022173400824380531

10242 bmack86 the Severer (level 11, 0/85 HPs)
             Began as a Minotaur Fighter on Aug 19, 2023.
             Was a High Priest of Okawaru.
             Slain by a hornet (8 damage)
             ... on level 1 of the Lair of Beasts.
             The game lasted 00:19:43 (10232 turns).

bmack86 the Severer (Minotaur Fighter)             Turns: 10232, Time: 00:19:44

Health: 0/85       AC: 24    Str: 25    XL:     11   Next: 33%
Magic:  16/16      EV:  6    Int:  5    God:    Okawaru [*****.]
Gold:   1830       SH: 10    Dex: 10    Spells: 10/10 levels left

rFire   . . .        j - +8 dagger of Parts Unknown {heavy, rPois}
rCold   . . .        c - +0 buckler
rNeg    . . .        E - +0 plate armour
rPois   +            (helmet restricted)
rElec   .            o - +1 cloak
rCorr   .            i - +0 pair of gloves
SInv    .            H - +0 pair of boots
Will    .....        G - amulet of reflection Stlth
                     w - +4 ring of protection
HPRegen 0.34/turn    y - +4 ring of protection
MPRegen 0.15/turn

%: reflection
@: no status effects
A: horns 2, retaliatory headbutt
a: Renounce Religion, Heroism, Finesse, Duel


You were on level 1 of the Lair of Beasts.
You worshipped Okawaru.
Okawaru was extremely pleased with you.
You visited 3 branches of the dungeon, and saw 12 of its levels.

You collected 1830 gold pieces.

Inventory:

Hand Weapons
 a - a +1 war axe of flaming
 j - the +8 dagger of Parts Unknown (weapon) {heavy, rPois}
   (You found it on level 2 of the Dungeon)

   rPois:     It protects you from poison
Missiles
 l - a throwing net
Armour
 b - a +0 scale mail
 c - a +0 buckler (worn)
 i - a +0 pair of gloves (worn)
 o - a +1 cloak (worn)
 E - a +0 plate armour (worn)
 H - a +0 pair of boots (worn)
Jewellery
 k - a +6 ring of dexterity
 w - a +4 ring of protection (left hand)
 y - a +4 ring of protection (right hand)
 D - a ring of willpower
 F - an amulet of magic regeneration
 G - an amulet of reflection (around neck)
Wands
 n - a wand of light (17) (quivered)
 r - a wand of iceblast (9)
 v - a wand of polymorph (11)
 z - a wand of digging (4)
 B - a wand of flame (30)
Scrolls
 e - 2 scrolls of revelation
 p - a scroll of brand weapon
 q - 3 scrolls of enchant weapon
 s - 3 scrolls of teleportation
Potions
 d - 2 potions of might
 f - a potion of resistance
 g - a potion of curing
 h - 2 potions of mutation
 m - a potion of cancellation {unknown}
 t - 3 potions of haste
 u - 3 potions of lignification
 x - a potion of magic {unknown}
 A - a potion of brilliance {unknown}
 C - a potion of berserk rage {unknown}


   Skills:
 + Level 4.4 Fighting
 - Level 18.0 Axes
 + Level 1.7 Throwing
 + Level 4.3 Armour
 - Level 5.0 Shields
 - Level 8.0 Invocations


You had 10 spell levels left.
You didn't know any spells.
Your spell library contained the following spells:

 Spells                   Type           Power      Damage    Failure   Level
 Ensorcelled Hibernation  Hex/Ice        0%         N/A       100%        2
 Frozen Ramparts          Ice            0%         1d1       100%        3
 Anguish                  Hex/Necr       0%         N/A       100%        4
 Passage of Golubria      Tloc           0%         N/A       100%        4
 Petrify                  Tmut/Erth      0%         N/A       100%        4
 Metabolic Englaciation   Hex/Ice        0%         N/A       100%        5
 Silence                  Hex/Air        0%         N/A       100%        5
 Lehudib's Crystal Spear  Conj/Erth      0%         10d2      100%        8


Dungeon Overview and Level Annotations

Branches:
Dungeon (10/15)            Temple (1/1) D:6            Lair (1/5) D:10
    Orc (0/2) D:10

Altars:
Ashenzari
Cheibriados
Dithmenos
Elyvilon
Fedhas
Gozag
Hepliaklqana
Kikubaaqudgha
Makhleb
Nemelex Xobeh
Okawaru
Qazlal
Ru
Sif Muna
Trog
Uskayaw
Vehumet
Wu Jian
Xom
Yredelemnul
Zin
The Shining One

Shops:
D:2 =   D:5 (   D:10 (


Innate Abilities, Weirdness & Mutations

You have a pair of horns on your head.
You reflexively headbutt those who attack you in melee.


Message History

The black mamba bites you but does no damage.
You block the hornet's attack.
The black mamba bites you but does no damage.
You barely miss the hornet.
You headbutt the hornet, but do no damage.
The hornet is lightly wounded.
The hornet barely misses you. The black mamba closely misses you.
You block the hornet's attack.
The black mamba bites you but does no damage.
You hit the hornet but do no damage. Your headbutt misses the hornet.
The hornet is lightly wounded.
The black mamba barely misses you. The hornet barely misses you.
You block the black mamba's attack.
The hornet stings you but does no damage.
The black mamba barely misses you. You block the hornet's attack.
You barely miss the hornet.
The hornet is lightly wounded.
The black mamba bites you but does no damage.
The hornet stings you but does no damage.
You block the black mamba's attack. The hornet closely misses you.
You block the black mamba's attack.
You puncture the hornet! You headbutt the hornet!
The hornet is almost dead.
The black mamba bites you but does no damage.
The hornet stings you but does no damage.
The black mamba bites you.
* * * LOW HITPOINT WARNING * * *
You block the hornet's attack. You block the black mamba's attack.
You hit the hornet. Your headbutt misses the hornet.
The hornet is almost dead.
You block the hornet's attack. You block the black mamba's attack.
The hornet stings you but does no damage.
The black mamba bites you.
* * * LOW HITPOINT WARNING * * *
You closely miss the hornet. Your headbutt misses the hornet.
The hornet is almost dead.
You block the black mamba's attack.
The hornet stings you but does no damage.
You block the black mamba's attack. The hornet stings you!
You die...

#.# #.### ... #.†.#
######.#####
######.####..........###
.....††..###...........#
........>.##............
.........###.........#
.........##P....y....#
..........#.....@S...##
.........#.}..........#
......................#
.........###..........#
########## ############


You could see a black mamba and a hornet.

Vanquished Creatures
  2 two-headed ogres
  A rime drake (D:10)
  Psyche (D:8)
  A hornet (D:10)
  4 wraiths
  10 yaks
  A vampire (D:10)
  Eustachio (D:5)
  A wyvern (D:7)
  A basilisk (Lair:1)
  2 steam dragons
  2 water moccasins
  5 black bears
  3 orc warriors (D:10)
  2 sky beasts
  4 ice beasts
  2 ogres
  11 wolves
  A centaur (D:9)
  4 bullfrogs
  A kobold brigand (D:8)
  3 scorpions
  2 gnoll sergeants
  20 wights
  7 killer bees (D:9)
  2 howler monkeys
  A jelly (D:7)
  A hound (D:5)
  A gnoll bouda (D:7)
  Crazy Yiuf (D:2)
  Jessica (D:3)
  4 iguanas (D:5)
  A sleepcap (D:6)
  5 orc wizards
  Robin (D:3)
  20 gnolls
  14 adders
  A shadow imp (D:8)
  An ufetubus (D:5)
  A worm (D:2)
  4 dart slugs
  18 orcs
  2 bats
  4 endoplasms
  3 giant cockroaches
  7 hobgoblins
  5 jackals (D:3)
  6 quokkas
  8 ball pythons
  4 frilled lizards
  14 goblins
  15 kobolds
  7 rats
244 creatures vanquished.

Notes
Turn   | Place    | Note
-------+----------+-------------------------------------------
     0 | D:1      | bmack86 the Minotaur Fighter began the quest for the Orb.
     0 | D:1      | Reached XP level 1. HP: 19/19 MP: 0/0
   338 | D:1      | Reached XP level 2. HP: 26/26 MP: 1/1
   647 | D:2      | Reached skill level 3 in Axes
   682 | D:2      | Identified the +8 dagger of Parts Unknown {heavy, rPois}
   732 | D:2      | Reached XP level 3. HP: 27/31 MP: 2/2
   759 | D:2      | Found Luggiaru's Jewellery Shop.
   888 | D:2      | Found a basalt altar of Yredelemnul.
   933 | D:2      | Reached skill level 5 in Shields
  1254 | D:2      | Found a faded altar of an unknown god.
  1327 | D:2      | Found a runed translucent door.
  1328 | D:2      | Noticed Crazy Yiuf
  1337 | D:2      | Killed Crazy Yiuf
  1338 | D:2      | Reached skill level 4 in Axes
  1338 | D:2      | Reached XP level 4. HP: 9/39 MP: 3/3
  1612 | D:3      | Noticed Jessica
  1617 | D:3      | Killed Jessica
  1618 | D:3      | Reached skill level 5 in Axes
  1715 | D:3      | Reached XP level 5. HP: 36/45 MP: 4/4
  1997 | D:3      | Noticed Robin
  2004 | D:3      | Reached skill level 6 in Axes
  2006 | D:3      | Killed Robin
  2830 | D:4      | Reached XP level 6. HP: 46/51 MP: 5/5
  2834 | D:4      | Reached skill level 7 in Axes
  3068 | D:4      | Reached skill level 8 in Axes
  3349 | D:5      | Entered Level 5 of the Dungeon
  3401 | D:5      | Reached XP level 7. HP: 17/57 MP: 6/6
  3693 | D:5      | Found Iskerhie's Firing Range.
  3719 | D:5      | Reached skill level 9 in Axes
  3827 | D:5      | Noticed Eustachio
  3848 | D:5      | Killed Eustachio
  3849 | D:5      | Reached skill level 10 in Axes
  4146 | D:5      | Reached XP level 8. HP: 64/64 MP: 7/7
  4253 | D:5      | Reached skill level 11 in Axes
  4493 | D:6      | Identified a scroll of acquirement
  4493 | D:6      | Acquired 1145 gold pieces
  4523 | D:6      | Found a staircase to the Ecumenical Temple.
  4541 | Temple   | Entered the Ecumenical Temple
  4546 | Temple   | Became a worshipper of Warmaster Okawaru
  4562 | D:6      | Reached skill level 1 in Invocations
  4563 | D:6      | Reached skill level 12 in Axes
  4715 | D:6      | Reached * piety under Okawaru
  5121 | D:7      | Reached XP level 9. HP: 57/70 MP: 9/11
  5220 | D:7      | Reached skill level 13 in Axes
  5234 | D:7      | Reached ** piety under Okawaru
  5249 | D:7      | Reached skill level 5 in Invocations
  5836 | D:7      | Reached skill level 14 in Axes
  6227 | D:8      | Reached *** piety under Okawaru
  6260 | D:8      | Found a broken altar of Ashenzari.
  6739 | D:8      | Reached XP level 10. HP: 72/72 MP: 14/14
  6926 | D:8      | Noticed Psyche
  6953 | D:8      | Noticed a two-headed ogre
  6962 | D:8      | Killed a two-headed ogre
  6988 | D:8      | Killed Psyche
  7709 | D:9      | Noticed a two-headed ogre
  7716 | D:9      | Killed a two-headed ogre
  7716 | D:9      | Reached **** piety under Okawaru
  7717 | D:9      | Reached skill level 15 in Axes
  8098 | D:9      | Reached skill level 16 in Axes
  8642 | D:10     | Entered Level 10 of the Dungeon
  8845 | D:10     | Found a staircase to the Lair.
  9084 | D:10     | Reached ***** piety under Okawaru
  9085 | D:10     | Reached skill level 17 in Axes
  9182 | D:10     | Found Omuapsaq's Weapon Emporium.
  9182 | D:10     | Found a staircase to the Orcish Mines.
  9191 | D:10     | Reached XP level 11. HP: 71/82 MP: 13/16
  9996 | D:10     | Found a shadowy altar of Dithmenos.
  9996 | D:10     | Found a sparkling altar of Nemelex Xobeh.
 10035 | Lair:1   | Entered Level 1 of the Lair of Beasts
 10048 | Lair:1   | Reached skill level 18 in Axes
 10098 | Lair:1   | Reached skill level 1 in Throwing
 10216 | Lair:1   | Paralysed by a hornet for 3 turns
 10223 | Lair:1   | Paralysed by a hornet for 1 turns
 10224 | Lair:1   | HP: 2/85 [poisoned by a black mamba]
 10232 | Lair:1   | Slain by a hornet

Illustrated notes

Levels and vault maps discovered:
D:1:      heliophobic_arrival_henge, layout_basic,
          chequers_serial_rivers_large_b
D:2:      layout_basic, basic_altar, dreamdust_ecumenical_altar_statues,
          serial_shops, nicolae_shop_tiny_statue_garden, uniq_crazy_yiuf_cottage
D:3:      minmay_bubble_buster, layout_basic, minmay_surrounded, uniq_jessica,
          uniq_robin
D:4:      layout_gridville
D:5:      layout_loops_ring, grunt_decor_cap, nicolae_shop_firing_range,
          uniq_eustachio
D:6:      layout_rooms, minmay_temple_entry_tees
D:7:      layout_loops_ring, amcnicky_mini_rare_corridor_liquid,
          kennysheep_generic_room_5
D:8:      layout_basic, ashenzari_altar_1, serial_co_window_serial,
          co_window_of_opportunity_a, co_window_cross_1, co_window_paths_b,
          co_window_cross_1, co_window_paths_a, co_window_corner_a,
          co_window_paths_b, co_window_paths_a, co_window_corner_a,
          co_window_broadway_a, co_window_unsneaky_path_d, co_window_broadway_b,
          co_window_paths_c, co_window_paths_c, glass_columns_b,
          glass_columns_c, glass_columns_a, glass_columns_c, glass_columns_b,
          uniq_psyche
D:9:      layout_stronghold
D:10:     layout_grid_maze, nicolae_overflow_two_pavilions,
          hellmonk_lair_entry_icy, orc_david_3
Temple:   compressed_dpeg_triangle_lava_temple
Lair:1:   layout_roguey, uniq_erica

Skill      XL: |  1  2  3  4  5  6  7  8  9 10 11 |
---------------+----------------------------------+-----
Shields        | 4 5 |  5.0
Axes           | 3 4 5 6 8 10 12 14 17 18 | 18.0
Invocations    | 4 7 8 |  8.0
Fighting       | 4 |  4.4
Throwing       | 1 |  1.7
Armour         | 4 |  4.3

Action                     |  1- 3 |  4- 6 |  7- 9 | 10-12 || total
---------------------------+-------+-------+-------+-------++-------
  Melee: War axe           |    57 |   121 |   194 |   165 ||   537
         Headbutt          |    13 |    15 |    20 |    41 ||    89
         Dagger            |    10 |       |       |     9 ||    19
 Invoke: Heroism           |       |       |     1 |     3 ||     4
  Evoke: Wand              |       |       |       |     2 ||     2
    Use: Scroll            |       |     1 |    10 |     3 ||    14
         Potion            |       |       |       |     3 ||     3
   Stab: Invisible         |       |       |       |     1 ||     1
 Armour: Scale mail        |    30 |    56 |   116 |    68 ||   270
         Plate armour      |       |       |       |    72 ||    72
  Dodge: Dodged            |    29 |    59 |    76 |    79 ||   243
  Block: Buckler           |    17 |    42 |    44 |    78 ||   181
         Reflection        |       |       |       |     1 ||     1

Table legend: (Time is in decaauts)
 A = Elapsed time spent in this place.
 B = Non-inter-level travel time spent in this place.
 C = Inter-level travel time spent in this place.
 D = Time resting spent in this place.
 E = Time spent auto-exploring this place.
 F = Levels seen in this place.
 G = Mean time per level.
                   A        B        C        D        E       F      G
               +--------+--------+--------+--------+--------+-----+--------+
         Total |  10259 |   9926 |    333 |    178 |   7905 |  12 |  854.9 |
       Dungeon |  10055 |   9722 |    333 |    178 |   7793 |  10 | 1005.5 |
        Temple |     10 |     10 |      0 |      0 |      0 |   1 |   10.0 |
          Lair |    193 |    193 |      0 |      0 |    112 |   1 |  193.0 |
               +--------+--------+--------+--------+--------+-----+--------+

Top non-repeatable levels by time:
     D:9: 1386 daAuts
    D:10: 1376 daAuts
     D:8: 1291 daAuts
     D:3: 1247 daAuts
     D:5: 1092 daAuts
     D:7: 839 daAuts
     D:2: 780 daAuts
     D:4: 731 daAuts
     D:1: 667 daAuts
     D:6: 643 daAuts
  Lair:1: 193 daAuts
  Temple: 10 daAuts
